 Dungeon Crawl Stone Soup version 0.16.1 (webtiles) character file.

212 Hedron the Conjurer (level 5, -10/38 HPs)
             Began as a Draconian Conjurer on Mar 23, 2015.
             Killed by divine providence
             ... invoked by an orc priest
              (12 damage)
             ... on level 4 of the Dungeon.
             The game lasted 00:16:07 (4624 turns).

Hedron the Conjurer (Draconian Conjurer)            Turns: 4624, Time: 00:16:07

Health: -10/38     AC:  5    Str: 10    XL:     5   Next: 58%
Magic:  2/13       EV: 12    Int: 16    God:
Gold:   164        SH:  0    Dex: 12    Spells: 4 memorised, 2 levels left

rFire  . . .     SeeInvis .     p - +2 dagger (venom)
rCold  . . .     Clarity  .     (armour unavailable)
rNeg   . . .     SustAb   .     (no shield)
rPois  .         Gourm    .     (helmet restricted)
rElec  .         Spirit   .     (no cloak)
rCorr  .         Warding  .     (no gloves)
rMut   .         Stasis   .     (no boots)
MR     .....                    (no amulet)
Stlth  +++.......               (no ring)
                                i - ring of stealth

@: not resistant to hostile enchantments, fairly stealthy
A: unfitting armour, cold-blooded, AC +5
a: no special abilities


You were on level 4 of the Dungeon.
You were not hungry.

You visited 1 branch of the dungeon, and saw 4 of its levels.

You collected 164 gold pieces.

Inventory:

Hand weapons
 p - a +2 dagger of venom (weapon)
Jewellery
 i - a ring of stealth (left hand)
Scrolls
 a - 2 scrolls of remove curse
 f - a scroll of blinking
Potions
 d - 2 potions of curing
 e - a potion of heal wounds {unknown}
 g - a potion of haste {unknown}
 h - a potion of cure mutation
 j - a potion of might {unknown}
 k - a potion of agility {unknown}
 l - a potion of berserk rage {unknown}
 m - a potion of brilliance {unknown}
 n - a potion of restore abilities {unknown}
Books
 c - a book of Conjurations

   Spells                             Type                      Level
   a - Magic Dart                     Conjuration                  1
   b - Searing Ray                    Conjuration                  2
   c - Dazzling Spray                 Conjuration/Hexes            3
   d - Fulminant Prism                Conjuration/Hexes            4
   e - Iskenderun's Mystic Blast      Conjuration                  4
   f - Iskenderun's Battlesphere      Conjuration/Charms           5
Comestibles
 b - 5 bread rations
 o - 5 fruits
 q - a chunk of flesh


   Skills:
 - Level 1.7 Dodging
 - Level 1.7 Stealth
 * Level 4.0 Spellcasting
 * Level 5.3 Conjurations
 + Level 1.3 Hexes


You had 2 spell levels left.
You knew the following spells:

 Your Spells              Type           Power        Failure   Level  Hunger
a - Dazzling Spray        Conj/Hex       ##......     14%         3    ###....
c - Iskenderun's Mystic   Conj           ###.....     21%         4    ####...
x - Searing Ray           Conj           ###...       3%          2    ##.....
z - Magic Dart            Conj           ###.         1%          1    None


Dungeon Overview and Level Annotations

Branches:
Dungeon (4/15)
 Temple: D:4-7

Altars:
Cheibriados
Fedhas
Kikubaaqudgha
Makhleb


Innate Abilities, Weirdness & Mutations

Your plain brown scales are hard (AC +5).
Your body does not fit into most forms of armour.
Your cold-blooded metabolism reacts poorly to cold.


Message History

The searing ray hits the orc priest.
The orc priest is heavily wounded.
The orc priest closely misses you. The kobold barely misses you.
The searing ray hits the orc priest.
The orc priest is severely wounded.
The orc priest calls upon Beogh to heal the orc priest.
The orc priest's wounds heal themselves!
The hobgoblin barely misses you. The kobold hits you but does no damage.
The orc priest calls upon Beogh to heal the orc priest.
The orc priest is healed somewhat.
The searing ray hits the orc priest.
The orc priest is severely wounded.
The orc priest mumbles some strange prayers to Beogh against you.
Something smites you!
* * * LOW HITPOINT WARNING * * *
The kobold hits you with a dagger.
* * * LOW HITPOINT WARNING * * *
The orc priest invokes the aid of Beogh against you.
Something smites you!
You die...

.. g.. .. #.### .
#.#)#
...##..g#########
##....(K@ooo.....
.....##..##########
........>).........
......##.#########.
...............#<#
....###.#####.#.#
.. #.# #.#.# #.#
#.#.# #.# #.#.#


You could see 2 orc priests, an orc, a hobgoblin and a kobold.

Vanquished Creatures
  Natasha (thrice) (D:3)
  Robin (D:3)
  3 gnolls (D:3)
  5 adders
  2 worms
  2 giant geckos (D:2)
  An ooze (D:1)
  An orc (D:4)
  24 goblins
  10 hobgoblins
  6 kobolds
  A quokka (D:2)
  A ball python (D:1)
  6 bats
  3 giant cockroaches
  2 giant newts
  3 jackals (D:1)
  8 rats
82 creatures vanquished.

Notes
Turn   | Place    | Note
--------------------------------------------------------------
     0 | D:1      | Hedron, the Draconian Conjurer, began the quest for the Orb.
     0 | D:1      | Reached XP level 1. HP: 14/14 MP: 3/3
   374 | D:1      | Reached XP level 2. HP: 20/20 MP: 3/5
   397 | D:1      | Learned a level 2 spell: Searing Ray
  1571 | D:1      | Reached XP level 3. HP: 26/26 MP: 3/6
  1656 | D:1      | Learned a level 3 spell: Dazzling Spray
  2755 | D:2      | Reached XP level 4. HP: 25/33 MP: 5/9
  2975 | D:2      | Found a blossoming altar of Fedhas.
  3162 | D:2      | Found a snail-covered altar of Cheibriados.
  3162 | D:2      | Found an ancient bone altar of Kikubaaqudgha.
  3398 | D:3      | Found a burning altar of Makhleb.
  3567 | D:3      | Reached skill level 5 in Conjurations
  3567 | D:3      | Reached skill level 1 in Hexes
  3655 | D:3      | Noticed Natasha
  3666 | D:3      | Killed Natasha
  3666 | D:3      | Reached XP level 5. HP: 33/38 MP: 0/11
  3772 | D:3      | Learned a level 4 spell: Iskenderun's Mystic Blast
  3781 | D:3      | Noticed Robin
  3804 | D:3      | Killed Robin
  4139 | D:3      | Noticed Natasha
  4147 | D:3      | Killed Natasha
  4367 | D:3      | Noticed Natasha
  4369 | D:3      | Killed Natasha
  4624 | D:4      | Killed from afar by an orc priest

Action                   |  1- 3 |  4- 6 || total
-------------------------+-------+-------++-------
Melee: Whip              |    89 |    15 ||   104
       Mace              |       |     7 ||     7
       Halberd           |       |    29 ||    29
       Dagger            |       |     9 ||     9
 Cast: Magic Dart        |    35 |    19 ||    54
       Searing Ray       |     9 |    11 ||    20
       Dazzling Spray    |     3 |     3 ||     6
  Use: Scroll            |     3 |     6 ||     9
 Stab: Sleeping          |     2 |     6 ||     8
  Eat: Chunk             |     7 |     7 ||    14
